 Dungeon Crawl Stone Soup version 0.31-a0-455-g1a7b003ef0 (webtiles) character file.

Game seed: 5140594039599806916

27 Xavori the Trooper (level 3, 25/25 (30) HPs)
             Began as a Djinni Chaos Knight on Aug 3, 2023.
             Was a Plaything of Xom.
             Quit the game on level 3 of the Dungeon.
             The game lasted 00:01:05 (6376 turns).

Xavori the Trooper (Djinni Chaos Knight)            Turns: 6376, Time: 00:01:05

HP:   25/25 (30)    AC:  3    Str: 17    XL:     3   Next: 25%
Gold: 69            EV: 12    Int: 12    God:    Xom [*.....] SH:  0 Dex: 11

rFire   + + .        a - +0 falchion (chaos)
rCold   x . .        (no shield)
rNeg    . . .        b - +2 leather armour
rPois   ∞            (no helmet)
rElec   .            (no cloak)
rCorr   .            (no gloves)
SInv    .            (boots unavailable)
Will    ++...        e - amulet of regeneration
Stlth   +            (no ring)
HPRegen 1.04/turn    (no ring)
MPRegen 0.00/turn

%: no passive effects
@: flying, heavily drained
A: sickness immunity, fire resistance 2, cold vulnerability 1, float, innate
caster, HP casting, extra vitality 1, deformed body, deterioration 1,
strong-willed 2, strong 1, teleportitis 1
a: Renounce Religion


You were on level 3 of the Dungeon.
You worshipped Xom.
You were a special plaything of Xom.
You visited 1 branch of the dungeon, and saw 3 of its levels.

You collected 69 gold pieces.

Inventory:

Hand Weapons
 a - a +0 falchion of chaos (weapon)
Armour
 b - a +2 leather armour (worn)
Jewellery
 e - an amulet of regeneration (around neck)
Wands
 k - a wand of flame (17)
Scrolls
 c - a scroll of butterflies
 g - a scroll of teleportation {unknown}
Potions
 d - 2 potions of lignification {unknown}
 f - a potion of heal wounds {unknown}
 h - a potion of curing {unknown}
 i - a potion of cancellation {unknown}
 j - a potion of might {unknown}


   Skills:
 + Level 3.2 Fighting
 + Level 3.0 Long Blades
 + Level 1.1 Armour
 + Level 2.3 Dodging
 * Level 0.2 Spellcasting
 * Level 0.2 Conjurations
 * Level 0.2 Hexes
 * Level 0.2 Summonings
 * Level 0.2 Necromancy
 * Level 0.2 Translocations
 * Level 0.2 Transmutations
 * Level 0.2 Fire Magic
 * Level 0.2 Ice Magic
 * Level 0.2 Air Magic
 * Level 0.2 Earth Magic
 * Level 0.2 Poison Magic


You knew the following spells:

 Your Spells              Type           Power      Damage    Failure   Level
a - Apportation           Tloc           0%         N/A       34%         1
Your spell library was empty.

Dungeon Overview and Level Annotations

Branches:
Dungeon (2/15)

Altars:

Shops:
D:1 ?

Annotations:
D:2 Natasha


Innate Abilities, Weirdness & Mutations

You are immune to sickness and miasma.
You are immune to poison.
Your flesh is very heat resistant. (rF++)
You are vulnerable to cold. (rC-)
You float through the air rather than walking.
You learn spells naturally, not from books.
Your magical power is your life essence.
You have superior vitality. (+4 MHP)
Armour fits poorly on your strangely shaped body.
Your body sometimes deteriorates upon taking damage.
You are highly strong-willed. (Will++)
Your muscles are strong. (Str +4, Int/Dex -1)
You are occasionally teleported next to monsters.


Message History

A goblin and a rat come into view.
The goblin shouts!
There are monsters nearby!
There are monsters nearby!
The rat barely misses you.
You closely miss the rat. The rat bites you but does no damage.
There are monsters nearby!
You closely miss the rat. The rat barely misses you.
You closely miss the rat. The rat bites you but does no damage.
You barely miss the rat. The rat barely misses you.
Unknown command.
You barely miss the rat. The rat completely misses you.
You hit the rat.
You kill the rat!
The goblin unwields a +0 dagger.
The goblin wields a +0 sling.
The goblin shoots a sling bullet.
The sling bullet closely misses you.
Unknown command.
The goblin unwields a +0 sling.
The goblin wields a +0 dagger.
The goblin hits you but does no damage.
You see here a rat corpse.
A goblin is nearby!
You hit the goblin.
The goblin is poisoned.
The goblin is severely wounded.
The goblin barely misses you.
A goblin is nearby!
You closely miss the goblin.
The goblin is severely wounded.
You kill the goblin!
You now have 69 gold pieces (gained 6).
A worm comes into view.
You see here a rat corpse.
A worm is nearby!
A worm is nearby!
Are you sure you want to abandon this character and quit the game? (Confirm with "yes".)
Okay, then.
Unknown command.
Unknown command.
Unknown command.
Unknown command.
Are you sure you want to abandon this character and quit the game? (Confirm with "yes".)

+. . .
#. #.##
... #w##
#.@###
##...###
###...#
###†#
#)# #..
....
.....
#......


You could see a worm.

Vanquished Creatures
  4 endoplasms
  3 giant cockroaches (D:1)
  4 goblins
  A hobgoblin (D:1)
  2 quokkas (D:1)
  2 ball pythons (D:1)
  3 bats
  2 kobolds (D:1)
  3 rats
24 creatures vanquished.

Notes
Turn   | Place    | Note
-------+----------+-------------------------------------------
     0 | D:1      | Xavori the Djinni Chaos Knight began the quest for the Orb.
     0 | D:1      | Reached XP level 1. HP: 20/20 MP: 0/0
   644 | D:1      | XOM: divination: magic mapping
   675 | D:1      | XOM: silly message
   764 | D:1      | Reached XP level 2. HP: 25/25 MP: 0/0
   895 | D:1      | Found Xiodiemaps's Magic Scroll Boutique.
  1014 | D:1      | Reached XP level 3. HP: 30/30 MP: 0/0
  1014 | D:1      | Learned a level 1 spell: Apportation
  1142 | D:1      | XOM: divination: detect items
  1684 | D:1      | XOM: noise
  2559 | D:1      | XOM: give mutations
  2559 | D:1      | Gained mutation: You are agile. (Dex +4, Str/Int -1) [Xom's
                  | mischief]
  2559 | D:1      | Gained mutation: You are occasionally teleported next to
                  | monsters. [Xom's mischief]
  2559 | D:1      | Gained mutation: You occasionally lose the ability to read
                  | scrolls when taking damage. [Xom's mischief]
  2559 | D:1      | Lost mutation: You are agile. (Dex +4, Str/Int -1) [Xom's
                  | mischief]
  3436 | D:1      | XOM: give mutation
  3436 | D:1      | Gained mutation: You are strong-willed. (Will+) [Xom's
                  | mischief]
  3635 | D:1      | XOM: draining
  3872 | D:1      | XOM: give mutation
  3872 | D:1      | Lost mutation: You occasionally lose the ability to read
                  | scrolls when taking damage. [Xom's mischief]
  4836 | D:1      | XOM is BORED!
  4836 | D:1      | XOM: give mutations
  4836 | D:1      | Gained mutation: Your body sometimes deteriorates upon
                  | taking damage. [Xom's mischief]
  4836 | D:1      | Gained mutation: You are highly strong-willed. (Will++)
                  | [Xom's mischief]
  4836 | D:1      | Gained mutation: Armour fits poorly on your strangely
                  | shaped body. [Xom's mischief]
  5000 | D:1      | XOM: give mutation
  5000 | D:1      | Gained mutation: Your muscles are strong. (Str +4, Int/Dex
                  | -1) [Xom's grace]
  5211 | D:1      | XOM: torment (14/25 hp)
  5283 | D:1      | XOM: god gift: sedimented coppery potion {god gift}
  6100 | D:1      | XOM: 3-stop teleportation journey
  6143 | D:2      | Noticed Natasha
  6357 | D:2      | You are sucked into a shaft and drop 1 floor!
  6376 | D:3      | Quit the game

Illustrated notes

Levels and vault maps discovered:
D:1:      nzn_arrival_water_spiral, layout_rooms, serial_shops, shop
D:2:      layout_basic, uniq_sigmund, uniq_natasha, uniq_jessica
D:3:      layout_basic, ebering_ecumenical_altar_rust, grunt_decor_arrowhead

Skill      XL: |  1  2 |
---------------+-------+-----
Long Blades    | 3 |  3.0
Fighting       | |  3.2
Armour         | |  1.1
Dodging        | |  2.3
Spellcasting   | |  0.2
Conjurations   | |  0.2
Hexes          | |  0.2
Summonings     | |  0.2
Necromancy     | |  0.2
Translocations | |  0.2
Transmutations | |  0.2
Fire Magic     | |  0.2
Ice Magic      | |  0.2
Air Magic      | |  0.2
Earth Magic    | |  0.2
Poison Magic   | |  0.2

Action                     || total
---------------------------++-------
  Melee: Falchion          ||    71
    Use: Potion            ||     1
 Armour: Leather armour    ||    19
  Dodge: Dodged            ||    53

Table legend: (Time is in decaauts)
 A = Elapsed time spent in this place.
 B = Non-inter-level travel time spent in this place.
 C = Inter-level travel time spent in this place.
 D = Time resting spent in this place.
 E = Time spent auto-exploring this place.
 F = Levels seen in this place.
 G = Mean time per level.
                   A        B        C        D        E       F      G
               +--------+--------+--------+--------+--------+-----+--------+
         Total |   6386 |   6336 |     50 |   5797 |    367 |   3 | 2128.7 |
       Dungeon |   6386 |   6336 |     50 |   5797 |    367 |   3 | 2128.7 |
               +--------+--------+--------+--------+--------+-----+--------+

Top non-repeatable levels by time:
     D:1: 6150 daAuts
     D:2: 216 daAuts
     D:3: 19 daAuts
